AoeStats
← Omicronio

MegaRandom

510580031Analyzed
3v3 RM · 8h ago on Oct 1, 2026· 65m 54s· 6 players
Game mode
Random Map
Map size
Normal (6 player)
Population
200
Speed
Normal
Resources
Standard
Victory
Conquest
Starting age
Dark Age
Ending age
Imperial Age
RankedLock teamsTeams togetherTeam positionsShared explorationLock speedFull tech treeHidden civsTurbo modeCheats
Victory
Defeat
🇺🇦 Britons · Ukraine
1347
+14
🇧🇾 Romans · Belarus
1346
+14
🇧🇾 Khmer · Belarus
1334
+15
🇪🇸 Malians · Spain
1319
-15
🇪🇸 Spanish · Spain
1311
-14
🇪🇸 Georgians · Spain
1297
-14
PsychoDog
6:40 Loom
12:07 Feudal Age
17:13 Castle Age
15:47 Double-Bit Axe
15:43 Horse Collar
18:08 Bow Saw
21:56 Padded Archer Armor
24:18 Bloodlines
24:57 Husbandry
28:55 Leather Archer Armor
28:31 Fletching
28:22 Light Cavalry
37:19 Imperial Age
39:10 Ring Archer Armor
39:53 Chemistry
39:08 Gold Mining
39:09 Stone Mining
40:22 Two-Man Saw
40:14 Conscription
41:32 Capped Ram
43:51 Fortified Wall
43:52 Masonry
44:44 Ballistics
46:32 Bodkin Arrow
55:54 Elite Skirmisher
58:45 Thumb Ring
58:42 Bracer
59:36 Elite Cannon Galleon
60:36 Clinker Construction
60:37 Careening
60:07 Demolition Ship
61:03 Heavy Demolition Ship
64:38 Dry Dock
64:39 Carvel Hull
Omicronio
0:40 Loom
14:14 Feudal Age
21:25 Castle Age
19:42 Fletching
21:37 Demolition Ship
22:28 Medium Warships
22:54 Bodkin Arrow
24:51 Demolition Ship
26:44 Clinker Construction
26:48 Careening
26:11 Demolition Ship
29:00 Forging
30:28 Clinker Construction
30:42 Ballistics
30:21 Gold Mining
34:34 Double-Bit Axe
34:31 Horse Collar
35:26 Gold Shaft Mining
35:30 Bow Saw
39:39 Fishing Lines
41:45 Iron Casting
41:12 Squires
44:49 Wheelbarrow
45:59 Scale Mail Armor
50:11 Hand Cart
49:58 Heavy Plow
50:36 Chain Mail Armor
55:07 Imperial Age
53:14 Town Watch
54:45 Masonry
55:09 Capped Ram
56:14 Conscription
56:42 Tigui
56:06 Elite Gbeto
65:32 Plate Mail Armor
Kashmir
7:56 Loom
10:34 Feudal Age
12:55 Double-Bit Axe
12:51 Horse Collar
14:26 Wheelbarrow
21:47 Castle Age
20:30 Forging
20:21 Scale Mail Armor
21:03 Bloodlines
22:01 Light Cavalry
24:07 Husbandry
30:55 Chain Mail Armor
32:22 Hand Cart
31:53 Town Watch
33:35 Bow Saw
33:16 Gold Mining
35:41 Redemption
35:54 Sanctity
42:06 Imperial Age
42:13 Iron Casting
42:29 Cavalier
43:41 Plate Mail Armor
43:20 Scale Barding Armor
45:41 Chain Barding Armor
46:47 Blast Furnace
47:41 Conscription
50:36 Plate Barding Armor
54:09 Elite Monaspa
55:01 Aznauri Cavalry
55:56 Hussar
57:12 Stone Mining
60:45 Coinage
60:26 Guilds
60:17 Caravan
HURMA
0:37 Loom
13:30 Feudal Age
14:01 Fishing Lines
14:25 Double-Bit Axe
14:22 Horse Collar
18:17 Castle Age
19:44 Bow Saw
20:16 Wheelbarrow
20:32 Scale Mail Armor
21:02 Gillnets
22:48 Medium Warships
24:35 Careening
24:38 Clinker Construction
25:04 Fletching
26:41 Pikeman
28:55 Hand Cart
29:31 Chain Mail Armor
28:39 Pikeman
29:56 Town Watch
30:07 Horse Collar
32:35 Heavy Plow
34:07 Squires
33:28 Man-at-Arms
35:58 Forging
36:05 Town Patrol
35:49 Long Swordsman
39:16 Imperial Age
36:09 Long Swordsman
38:19 Iron Casting
38:36 Gold Mining
38:36 Stone Mining
39:54 Gold Shaft Mining
39:21 Bodkin Arrow
39:56 Legionary
39:57 Capped Ram
40:47 Siege Engineers
40:51 Halberdier
41:04 Siege Ram
43:18 Blast Furnace
44:43 Padded Archer Armor
45:18 Ballistics
46:58 Chemistry
46:18 Leather Archer Armor
47:34 Ring Archer Armor
47:08 Murder Holes
48:51 Guilds
49:48 Scale Barding Armor
50:39 Caravan
51:47 Comitatenses
52:11 Heavy Warships
53:52 Chain Barding Armor
56:00 Coinage
56:21 Plate Barding Armor
55:59 Masonry
57:38 Architecture
57:32 Carvel Hull
57:33 Shipwright
57:47 Architecture
58:15 Banking
58:15 Conscription
58:01 Ballistas
57:18 Elite Centurion
57:28 Sappers
58:34 Onager
61:25 Fortified Wall
61:58 Crop Rotation
65:32 Demolition Ship
NiL
5:42 Loom
14:07 Feudal Age
15:25 Fishing Lines
16:40 Horse Collar
19:16 Double-Bit Axe
23:14 Castle Age
24:29 Fletching
26:25 Bodkin Arrow
26:21 Crossbowman
29:23 Wheelbarrow
28:34 Town Watch
35:07 Hand Cart
40:12 Imperial Age
38:59 Ballistics
38:52 Masonry
39:15 Bow Saw
40:04 Padded Archer Armor
39:31 Elite Skirmisher
40:53 Ballistics
40:54 Bracer
41:56 Chemistry
42:54 Conscription
43:29 Architecture
44:00 Gillnets
45:08 Heavy Plow
46:37 Arbalester
47:05 Capped Ram
48:15 Caravan
48:21 Pikeman
49:02 Squires
50:28 Conscription
49:40 Elite Longbowman
50:43 Yeomen
50:48 Leather Archer Armor
50:35 Scale Mail Armor
50:45 Forging
52:06 Clinker Construction
53:02 Two-Man Saw
53:31 Heavy Scorpion
54:50 Halberdier
57:15 Gambesons
57:47 Chain Mail Armor
58:08 Iron Casting
58:06 Ring Archer Armor
58:27 Treadmill Crane
58:44 Murder Holes
58:50 Murder Holes
59:19 Carvel Hull
61:30 Hoardings
61:43 Elite Longbowman
66:27 Medium Warships
So sad
3:18 Loom
12:58 Feudal Age
17:47 Castle Age
16:11 Double-Bit Axe
17:24 Bloodlines
19:22 Bow Saw
19:19 Husbandry
23:02 Town Watch
27:42 Wheelbarrow
31:40 Scale Barding Armor
31:46 Forging
36:15 Imperial Age
34:22 Fletching
34:53 Light Cavalry
36:05 Padded Archer Armor
36:26 Gold Mining
36:55 Light Cavalry
39:22 Murder Holes
41:20 Masonry
41:13 Bodkin Arrow
44:23 Chain Barding Armor
46:41 Horse Collar
48:17 Architecture
52:14 Conscription
52:32 Iron Casting
52:39 Gold Shaft Mining
51:54 Stone Mining
53:50 Stone Mining
56:50 Blast Furnace
56:26 Plate Barding Armor
58:36 Heavy Plow
57:59 Hussar
59:49 Hand Cart
59:35 Town Patrol
60:58 Stone Shaft Mining
62:18 Chemistry
64:08 Bracer
Connection lost

Rejoining the realm…

Still unreachable

The connection could not be restored.

Session expired

The server has moved on; the page needs a fresh start.